[Event "December 19 Late 2023"]
[Site "https://www.chess.com"]
[Date "2023.12.19"]
[Round "1"]
[White "Navyblue1"]
[Black "Grutter, Tim"]
[Result "1/2-1/2"]
[Board "176"]
[TimeControl "180+1"]
[BlackFideId "1057472"]
[WhiteElo "2106"]
[BlackElo "2303"]
[BlackTeam "NED"]
[WhiteClock "0:00:03"]
[BlackClock "0:00:02"]

1. d4 a6 2. c4 Nf6 3. Nc3 b5 4. cxb5 axb5 5. Nxb5 g6 6. Nc3 Bg7 7. e4 d6 8. Nf3 O-O 9. Bd3 Bb7 10. O-O Nc6 11. Be3 e5 12. d5 Ne7 13. Qd2 Ng4 14. a4 Nxe3 15. Qxe3 h6 16. a5 f5 17. a6 Bc8 18. Nd2 f4 19. Qe2 g5 20. f3 g4 21. fxg4 Ng6 22. h3 Bf6 23. Nf3 Bh4 24. Nxh4 Nxh4 25. Qf2 h5 26. gxh5 Qg5 27. Kh2 f3 28. g3 Ng2 29. g4 Bd7 30. Qg3 Nh4 31. Rf2 Rf4 32. b4 Bxg4 33. hxg4 Rxg4 34. Qh3 Qf4+ 35. Kh1 Kh8 36. Rg1 Rxg1+ 37. Kxg1 Rg8+ 38. Kh1 Rg3 39. Qh2 Qg4 40. Bf1 Qg8 41. a7 Rg4 42. Nb5 Qa8 43. Nxc7 Qxa7 44. Ne6 Qe3 45. b5 Qxe4 46. b6 Nf5 47. b7 Qb4 48. Qh3 Ng3+ 49. Kh2 Nxf1+ 50. Rxf1 Qb2+ 51. Kh1 Qg2+ 52. Qxg2 fxg2+ 53. Kg1 gxf1=Q+ 54. Kxf1 Rb4 55. Nd8 Kg7 56. Ke2 Kf8 57. h6 Kg8 58. Kd3 Kh7 59. Kc3 Rb1 60. Nf7 Rxb7 61. Nxd6 Rd7 62. Nf5 Rxd5 63. Kc4 Rd1 64. Kc5 Kg6 65. Ne3 Rd3 66. Nc4 Rc3 67. Kd5 Rc1 68. Nxe5+ Kxh6 69. Nd3 Rd1 70. Kd4 Ra1 71. Ke4 Ra8 72. Ne5 Kg5 73. Nf3+ Kg6 74. Ne5+ Kf6 75. Ng4+ Kg5 76. Ne5 Re8 77. Kd5 Kf5 78. Nc4 Rd8+ 79. Kc5 Ke6 80. Nb6 Rd1 81. Nc4 Rd5+ 82. Kb4 Rd4 83. Kc3 Rh4 84. Kd3 Kd5 85. Ne3+ Kc5 86. Nc2 Rh3+ 87. Ne3 Rg3 88. Ke4 Rg8 89. Kd3 Rd8+ 90. Ke4 Re8+ 91. Kd3 Re7 92. Nc2 Kd5 93. Ne3+ Ke5 94. Nc4+ Kf4 95. Kd4 Rd7+ 96. Kc5 Ke4 97. Nd6+ Ke5 98. Nc4+ Ke6 99. Kc6 Rd5 100. Nb6 Rd6+ 101. Kc5 Rd1 102. Nc4 Rh1 103. Kd4 Rh5 104. Ne3 Kd6 105. Nc4+ Kc6 106. Ne5+ Kb5 107. Nd3 Rh4+ 108. Ke5 Kc4 109. Nf4 Rg4 110. Kf5 Rg8 111. Ke5 Kc5 112. Ke4 Re8+ 113. Kf5 Kd6 114. Kg4 Rf8 115. Nd3 Kd5 116. Nf4+ Ke4 117. Nh5 Rg8+ 118. Kh4 Kf5 1/2-1/2

[Event "December 19 Late 2023"]
[Site "https://www.chess.com"]
[Date "2023.12.19"]
[Round "1"]
[White "Zimmermann, Ulrich"]
[Black "Ivanov, Aleksandr"]
[Result "1-0"]
[Board "177"]
[TimeControl "180+1"]
[WhiteFideId "24654523"]
[BlackFideId "2092980"]
[WhiteElo "2223"]
[BlackElo "2101"]
[WhiteTeam "GER"]
[BlackTeam "USA"]
[WhiteClock "0:01:08"]
[BlackClock "0:00:07"]

1. Nf3 d5 2. g3 g6 3. Bg2 Bg7 4. O-O e5 5. d3 Ne7 6. c4 c6 7. Nbd2 O-O 8. a3 h6 9. Rb1 Be6 10. Qc2 Nd7 11. b4 Rc8 12. Bb2 Kh7 13. Nb3 d4 14. Rfe1 f5 15. e3 dxe3 16. Rxe3 f4 17. Ree1 fxg3 18. hxg3 Qc7 19. Nc5 Nxc5 20. bxc5 Rxf3 21. Bxf3 Nf5 22. Re4 Qf7 23. Bg2 Nd4 24. Bxd4 exd4 25. Rbe1 Bf5 26. Re7 Qf6 27. Rxb7 Rf8 28. Ree7 Rg8 29. Qe2 g5 30. Rxa7 Qg6 31. Be4 Kh8 32. Bxf5 Qxf5 33. Qe4 Qf6 34. Re6 Qf8 35. Rxh6+ 1-0

[Event "December 19 Late 2023"]
[Site "https://www.chess.com"]
[Date "2023.12.19"]
[Round "1"]
[White "Oliveira, Tiago Batista"]
[Black "Osmak, Yuliia"]
[Result "0-1"]
[Board "178"]
[TimeControl "180+1"]
[WhiteFideId "2108291"]
[BlackFideId "14101602"]
[WhiteElo "1962"]
[BlackElo "2303"]
[WhiteTeam "BRA"]
[BlackTeam "UKR"]
[WhiteClock "0:00:00"]
[BlackClock "0:00:04"]

1. d4 f5 2. g3 Nf6 3. Bg2 g6 4. Nf3 Bg7 5. O-O O-O 6. c4 d6 7. Nc3 Nc6 8. d5 Ne5 9. Nxe5 dxe5 10. e4 f4 11. gxf4 exf4 12. e5 Ng4 13. e6 Ne5 14. Re1 Nxc4 15. Qg4 Ne5 16. Qg5 h6 17. Qh4 g5 18. Qh5 f3 19. Rxe5 Bxe5 20. Bxf3 Bg7 21. Be4 Rf6 22. h4 gxh4 23. Be3 Qf8 24. Kh1 c6 25. Rg1 Kh8 26. Bd4 cxd5 27. Bxf6 exf6 28. Nxd5 Bxe6 29. Nf4 Bf7 0-1

[Event "December 19 Late 2023"]
[Site "https://www.chess.com"]
[Date "2023.12.19"]
[Round "1"]
[White "Lymar, Vladislav"]
[Black "Lutz, Igor Oscar"]
[Result "1/2-1/2"]
[Board "179"]
[TimeControl "180+1"]
[WhiteFideId "14162180"]
[BlackFideId "2110806"]
[WhiteElo "2158"]
[BlackElo "2081"]
[WhiteTeam "UKR"]
[BlackTeam "BRA"]
[WhiteClock "0:00:07"]
[BlackClock "0:00:13"]

1. d4 d5 2. c4 c6 3. Nf3 Nf6 4. e3 e6 5. Nc3 Nbd7 6. Be2 Bd6 7. Qc2 dxc4 8. a4 b5 9. axb5 cxb5 10. Nxb5 Bb4+ 11. Bd2 Bxd2+ 12. Nxd2 O-O 13. Bf3 Rb8 14. Nxa7 Qb6 15. Nxc4 Qb4+ 16. Qc3 Nd5 17. Qxb4 Rxb4 18. Be2 Bb7 19. O-O N7f6 20. Ra2 Nb6 21. Nxb6 Rxb6 22. Rfa1 Rb8 23. Nb5 Bd5 24. Ra5 Ne4 25. f3 Nd2 26. e4 Bc6 27. Nc3 Nb3 28. d5 Nxa1 29. dxc6 Nb3 30. Ra3 Nd4 31. c7 Nxe2+ 32. Nxe2 Rc8 33. Nd4 Rb7 34. b3 Rbxc7 35. Kf2 Rb7 36. Ra4 Rcb8 37. Ke3 g6 38. h4 e5 39. Nc6 Rxb3+ 40. Kf2 Rb2+ 41. Kg3 R8b3 42. Nxe5 Rc2 43. Ng4 Kg7 44. e5 h5 45. Nf6 Rbb2 46. Ra8 Rxg2+ 47. Kf4 Rb4+ 48. Ke3 Rb3+ 49. Ke4 Rb4+ 50. Kd3 Rg3 51. Rg8+ Kh6 52. Rh8+ Kg7 53. Rh7+ Kf8 54. Ke2 Rb2+ 55. Kf1 Rxf3+ 56. Ke1 Rh3 57. Rh8+ Kg7 58. Rg8+ Kh6 59. Rh8+ Kg7 60. Rh7+ Kf8 61. Rh8+ Kg7 1/2-1/2

[Event "December 19 Late 2023"]
[Site "https://www.chess.com"]
[Date "2023.12.19"]
[Round "1"]
[White "De Souza, Arthur Olintho"]
[Black "Stojanovski, Sandi"]
[Result "0-1"]
[Board "180"]
[TimeControl "180+1"]
[WhiteFideId "2116200"]
[BlackFideId "1403249"]
[WhiteElo "2056"]
[BlackElo "2532"]
[WhiteTeam "BRA"]
[BlackTeam "DEN"]
[WhiteClock "0:01:29"]
[BlackClock "0:01:42"]

1. e4 d6 2. d4 Nf6 3. Nc3 g6 4. h3 Bg7 5. Be3 O-O 6. Qd2 e5 7. g4 exd4 8. Bxd4 Nc6 9. Be3 Re8 10. Bg2 Ne5 11. f4 Nc4 12. Qc1 d5 13. Nge2 Nxe4 14. O-O Nxc3 15. Nxc3 Nxe3 0-1

[Event "December 19 Late 2023"]
[Site "https://www.chess.com"]
[Date "2023.12.19"]
[Round "1"]
[White "Senft, Sean"]
[Black "Ghosh, Chanchal Kumer"]
[Result "1-0"]
[Board "181"]
[TimeControl "180+1"]
[WhiteFideId "2044960"]
[BlackFideId "10201858"]
[WhiteElo "2005"]
[BlackElo "2067"]
[WhiteTeam "USA"]
[BlackTeam "BAN"]
[WhiteClock "0:01:04"]
[BlackClock "0:00:00"]

1. d4 d5 2. c4 c6 3. Nc3 Nf6 4. Nf3 Bf5 5. cxd5 cxd5 6. Qb3 b6 7. Bf4 a6 8. e3 e6 9. h3 Bd6 10. Ne5 O-O 11. Be2 h6 12. O-O b5 13. Rac1 Qe7 14. a4 b4 15. Nb1 Nfd7 16. Nd2 Nxe5 17. dxe5 Bc7 18. Nf3 Bb6 19. Bd3 Bxd3 20. Qxd3 Nd7 21. Rc2 Rfc8 22. Rfc1 Rxc2 23. Qxc2 Nc5 24. Nd4 Ne4 25. Qc6 Rb8 26. f3 Ng5 27. Qd6 Qe8 28. Nc6 Rb7 29. Nxb4 Nh7 30. Qc6 Rb8 31. Qxe8+ Rxe8 32. Rc6 Rb8 33. Nxa6 Rb7 34. Rc8+ Nf8 35. Rb8 Rxb8 36. Nxb8 g5 37. Bg3 Bxe3+ 38. Bf2 Bc1 39. a5 Bxb2 40. a6 Bxe5 41. a7 1-0

[Event "December 19 Late 2023"]
[Site "https://www.chess.com"]
[Date "2023.12.19"]
[Round "1"]
[White "Levine, David"]
[Black "Yagupov, Igor"]
[Result "0-1"]
[Board "182"]
[TimeControl "180+1"]
[WhiteFideId "2011611"]
[BlackFideId "4113632"]
[WhiteElo "2050"]
[BlackElo "2179"]
[WhiteTeam "USA"]
[BlackTeam "RUS"]
[WhiteClock "0:00:14"]
[BlackClock "0:00:44"]

1. d4 d5 2. c4 c6 3. Nf3 Nf6 4. Nc3 e6 5. Bg5 h6 6. Bh4 dxc4 7. e4 g5 8. Bg3 b5 9. Qc2 g4 10. Ne5 Qxd4 11. Rd1 Qb6 12. Bh4 Nbd7 13. Nxd7 Nxd7 14. Be2 h5 15. f3 gxf3 16. Bxf3 Bg7 17. Bf2 Qc7 18. O-O Be5 19. h3 Bb7 20. a4 a6 21. Qe2 h4 22. Bh5 Nf6 23. Bf3 Rd8 24. Be3 Rd7 25. Rxd7 Nxd7 26. Bh5 Nf6 27. Bg4 O-O 28. Bg5 Kg7 29. Bxh4 Rh8 30. Qf2 Rh6 31. Bg5 Rg6 32. Be3 Nxg4 33. hxg4 Rf6 34. Qh4 Bh2+ 35. Kh1 Rxf1+ 0-1

[Event "December 19 Late 2023"]
[Site "https://www.chess.com"]
[Date "2023.12.19"]
[Round "1"]
[White "Colbow, Collin"]
[Black "Stead, Kerry"]
[Result "1-0"]
[Board "183"]
[TimeControl "180+1"]
[WhiteFideId "16201132"]
[BlackFideId "3202577"]
[WhiteElo "2321"]
[BlackElo "1997"]
[WhiteTeam "GER"]
[BlackTeam "AUS"]
[WhiteClock "0:00:19"]
[BlackClock "0:00:18"]

1. d4 c5 2. c3 d5 3. Nf3 Nc6 4. Bf4 Bg4 5. e3 e6 6. Nbd2 Nf6 7. Bd3 Bd6 8. Bg3 h5 9. Qe2 h4 10. Bxd6 Qxd6 11. h3 Bh5 12. O-O c4 13. Bc2 O-O-O 14. e4 Qf4 15. e5 Nd7 16. Qe3 Qxe3 17. fxe3 f6 18. Nxh4 fxe5 19. Nhf3 exd4 20. exd4 Rhf8 21. Rae1 Rde8 22. g4 Bf7 23. Ng5 Bg8 24. Bg6 Rxf1+ 25. Rxf1 Rf8 26. Rxf8+ Nxf8 27. Bc2 e5 28. dxe5 Nxe5 29. Kf2 Kd7 30. Ke3 Kd6 31. Nf1 Ne6 32. Nxe6 Bxe6 33. Ng3 g6 34. Ne2 Bf7 35. Nd4 a6 36. a4 Nc6 37. Nxc6 bxc6 38. b4 cxb3 39. Bxb3 Ke5 40. a5 c5 41. Bd1 Be8 42. Be2 c4 43. Bd1 g5 44. Bc2 Bd7 45. Bg6 Bc6 46. Bf5 Be8 47. Bc8 Bb5 48. Bb7 Ke6 49. Kd4 Kd6 50. Bxd5 Ba4 51. Bxc4 Bd1 52. Bxa6 Bf3 53. Bf1 Kc6 54. a6 Kb6 55. Ke5 Bc6 56. Kf5 Bd7+ 57. Kxg5 Bc8 58. h4 Bxa6 59. Bxa6 Kxa6 60. h5 Kb5 61. h6 Kc4 62. h7 Kxc3 63. h8=Q+ Kd3 64. Kf5 Ke3 65. g5 Kf3 66. g6 Kg3 67. g7 Kf3 68. g8=Q Ke3 69. Qc3+ 1-0

[Event "December 19 Late 2023"]
[Site "https://www.chess.com"]
[Date "2023.12.19"]
[Round "1"]
[White "Phillips, Rene"]
[Black "Vafin, Ayrat"]
[Result "0-1"]
[Board "184"]
[TimeControl "180+1"]
[WhiteFideId "2056275"]
[BlackFideId "4146530"]
[WhiteElo "2031"]
[BlackElo "2317"]
[WhiteTeam "USA"]
[BlackTeam "RUS"]
[WhiteClock "0:00:07"]
[BlackClock "0:00:52"]

1. Nf3 d5 2. d4 Nf6 3. Bf4 c5 4. e3 Nc6 5. Nbd2 g6 6. c3 Bg7 7. Bd3 O-O 8. O-O Nd7 9. Bg5 Qc7 10. Bh4 e5 11. Bg3 Qb6 12. Qb3 e4 13. Nxe4 dxe4 14. Bxe4 Qxb3 15. axb3 cxd4 16. exd4 Nf6 17. Bd3 Bg4 18. Ne5 Nxe5 19. Bxe5 Nd5 20. Bxg7 Kxg7 21. Be4 Rfd8 22. h3 Bc8 23. b4 a6 24. b5 Nf6 25. Bf3 Rb8 26. bxa6 bxa6 27. Ra2 Bb7 28. Be2 Rd6 29. Rfa1 Rb6 30. b4 Nd5 31. Bxa6 Nxc3 32. Ra3 Rxa6 33. Rxa6 Bxa6 34. Rxa6 Rxb4 35. Rd6 Rxd4 36. Rc6 Ne4 37. f3 Rd1+ 38. Kh2 Nd6 39. Rc7 h5 40. h4 Nf5 41. Rc4 Rd4 42. Rxd4 Nxd4 43. Kg3 Kf6 44. Kf4 Ne6+ 45. Ke4 Nc5+ 46. Kf4 Nd3+ 47. Ke4 Ne1 48. g4 Ng2 49. g5+ Kg7 50. f4 Nxh4 51. Ke5 Nf5 52. Ke4 Kf8 53. Ke5 Ke7 54. Ke4 Ke6 55. Kf3 Kd5 56. Ke2 Ke4 0-1

[Event "December 19 Late 2023"]
[Site "https://www.chess.com"]
[Date "2023.12.19"]
[Round "1"]
[White "Rangel, Daniel"]
[Black "Gulamirian, Korun"]
[Result "1-0"]
[Board "185"]
[TimeControl "180+1"]
[WhiteFideId "2124475"]
[BlackFideId "4144899"]
[WhiteElo "2267"]
[BlackElo "1621"]
[WhiteTeam "BRA"]
[BlackTeam "RUS"]
[WhiteClock "0:00:38"]
[BlackClock "0:00:00"]

1. d4 Nf6 2. c4 c5 3. Nc3 cxd4 4. Qxd4 Nc6 5. Qd2 g6 6. b3 Bg7 7. Bb2 O-O 8. g3 d6 9. Bg2 Qa5 10. Nh3 Ng4 11. O-O Bf5 12. Rad1 Rac8 13. Nf4 Nge5 14. Ncd5 Qd8 15. h3 a5 16. g4 Bd7 17. e3 Nb4 18. Nxb4 axb4 19. Nd5 e6 20. Nxb4 b5 21. cxb5 Bxb5 22. Rfe1 Qb6 23. f4 Nd7 24. Bxg7 Kxg7 25. Qxd6 Qxd6 26. Rxd6 Rc3 27. a4 Rxb3 28. axb5 Rxb4 29. Rxd7 Rxb5 30. Rb7 h5 31. Rxb5 1-0

[Event "December 19 Late 2023"]
[Site "https://www.chess.com"]
[Date "2023.12.19"]
[Round "1"]
[White "Reinecke, Katharina"]
[Black "Srdanovic, Jovana"]
[Result "0-1"]
[Board "186"]
[TimeControl "180+1"]
[WhiteFideId "12929727"]
[BlackFideId "954810"]
[WhiteElo "1761"]
[BlackElo "2123"]
[WhiteTeam "GER"]
[BlackTeam "SRB"]
[WhiteClock "0:00:09"]
[BlackClock "0:01:09"]

1. d4 d5 2. c4 c6 3. Nf3 Nf6 4. g3 g6 5. Bg2 Bg7 6. O-O O-O 7. e3 Bg4 8. h3 Bxf3 9. Bxf3 dxc4 10. a4 Nbd7 11. Na3 e5 12. Nxc4 exd4 13. exd4 Nd5 14. Bg2 N7b6 15. Ne5 Qd6 16. Nf3 a5 17. Re1 Rfe8 18. Rxe8+ Rxe8 19. Bd2 Nc4 20. Bc3 Nxc3 21. bxc3 b5 22. Qb3 Qd7 23. Kh2 h5 24. axb5 cxb5 25. Qc2 a4 26. Re1 Rxe1 27. Nxe1 a3 28. Nd3 Qa7 29. Nb4 Bf8 30. d5 Bxb4 31. cxb4 a2 32. d6 a1=Q 33. d7 Qxd7 0-1

[Event "December 19 Late 2023"]
[Site "https://www.chess.com"]
[Date "2023.12.19"]
[Round "1"]
[White "Fiedorek, Michal"]
[Black "Egorov, Konstantin"]
[Result "0-1"]
[Board "187"]
[TimeControl "180+1"]
[WhiteFideId "1199528"]
[BlackFideId "24154369"]
[WhiteElo "2135"]
[BlackElo "1878"]
[WhiteTeam "POL"]
[BlackTeam "RUS"]
[WhiteClock "0:02:48"]
[BlackClock "0:01:56"]

1. e4 c5 2. Nf3 e6 3. c3 Nf6 4. e5 Nd5 5. d4 cxd4 6. cxd4 Nc6 7. Nc3 d6 8. exd6 Bxd6 9. Bc4 O-O 10. O-O Nxc3 11. bxc3 b6 12. Bg5 Qc7 13. h4 Na5 14. Bd3 h6 0-1

[Event "December 19 Late 2023"]
[Site "https://www.chess.com"]
[Date "2023.12.19"]
[Round "1"]
[White "UnTucopalaTimba"]
[Black "Korchynskyi, Mykola"]
[Result "0-1"]
[Board "188"]
[TimeControl "180+1"]
[BlackFideId "34138005"]
[WhiteElo "1961"]
[BlackElo "2007"]
[BlackTeam "UKR"]
[WhiteClock "0:00:00"]
[BlackClock "0:00:38"]

1. e4 e6 2. d4 d5 3. e5 c5 4. c3 Nc6 5. Nf3 Qb6 6. Be2 cxd4 7. cxd4 Nge7 8. Bd3 Bd7 9. Bc2 Nf5 10. Bxf5 exf5 11. O-O Be7 12. Nc3 Be6 13. a3 O-O 14. b4 a6 15. Be3 Rac8 16. Qb3 Rfd8 17. Rab1 Qa7 18. Na4 b6 19. Rbc1 Qb7 20. Nb2 Nb8 21. Nd3 Nd7 22. Nf4 b5 23. Nxe6 fxe6 24. Bg5 Nb6 25. Bxe7 Qxe7 26. Qe3 Nc4 27. Qd3 Rc7 28. Qb3 Rdc8 29. Ra1 Nb6 30. Qe3 Na4 31. Qg5 Qf7 32. Qf4 Nc3 33. Qd2 Ne4 34. Qf4 h6 35. h4 Rc2 36. Ne1 Re2 37. Nf3 Rcc2 38. Rae1 Rxf2 39. Rxf2 Nxf2 40. Rf1 Ne4 41. Rc1 Qc7 42. Rxc2 Qxc2 43. Kh2 Qf2 44. h5 Kh7 45. Qc1 Qg3+ 46. Kh1 Nf2+ 47. Kg1 Nh3+ 48. Kh1 Nf4 49. Qf1 Nxh5 0-1

[Event "December 19 Late 2023"]
[Site "https://www.chess.com"]
[Date "2023.12.19"]
[Round "1"]
[White "Shapiro, Viktor"]
[Black "Graham, Nathaniel"]
[Result "1-0"]
[Board "189"]
[TimeControl "180+1"]
[WhiteFideId "4175700"]
[BlackFideId "2007983"]
[WhiteElo "2044"]
[BlackElo "1914"]
[WhiteTeam "RUS"]
[BlackTeam "USA"]
[WhiteClock "0:01:26"]
[BlackClock "0:00:00"]

1. c4 c5 2. Nc3 Nf6 3. g3 g6 4. Bg2 Bg7 5. Nf3 O-O 6. d3 Nc6 7. a3 d5 8. Rb1 dxc4 9. dxc4 Bf5 10. Qxd8 Rfxd8 11. Ra1 Ne4 12. Nxe4 Bxe4 13. O-O Na5 14. Nd2 Bxg2 15. Kxg2 Rd4 16. e3 Rd3 17. Rb1 Rad8 18. b4 cxb4 19. axb4 Nc6 20. Ne4 b6 21. Bb2 h6 22. Bxg7 Kxg7 23. Rfc1 f5 24. Nc3 Ne5 25. c5 Rd2 26. Rd1 Ng4 27. Rxd2 Rxd2 28. Nd1 bxc5 29. bxc5 Rc2 30. h3 Ne5 31. Rb7 Kf6 32. Rxa7 Rxc5 33. Ra6+ e6 34. f4 Rc2+ 35. Kf1 1-0

[Event "December 19 Late 2023"]
[Site "https://www.chess.com"]
[Date "2023.12.19"]
[Round "1"]
[White "Thake, Conrad"]
[Black "Perea Fruet, Lorenzo"]
[Result "0-1"]
[Board "190"]
[TimeControl "180+1"]
[WhiteFideId "5602947"]
[BlackFideId "24595870"]
[WhiteElo "1662"]
[BlackElo "2268"]
[WhiteTeam "MLT"]
[BlackTeam "ESP"]
[WhiteClock "0:00:00"]
[BlackClock "0:01:27"]

1. e4 b6 2. d4 Bb7 3. Nc3 e6 4. Bd3 Bb4 5. Qe2 Nf6 6. Nf3 d5 7. e5 Ne4 8. Bd2 Bxc3 9. bxc3 a5 10. O-O Ba6 11. Bxa6 Nxa6 12. h4 O-O 13. Ng5 Nxd2 14. Qxd2 h6 15. Nf3 c5 16. Rab1 Nb8 17. Qf4 Nd7 18. g4 f5 19. g5 Kh7 20. Kh2 Qe8 21. Rg1 Qh5 22. Rg3 Rac8 23. Rbg1 Rg8 24. gxh6 gxh6 25. Rxg8 Rxg8 26. Rxg8 Kxg8 27. Qg3+ Kh7 28. Qf4 Nf8 29. dxc5 bxc5 30. Qe3 Ng6 31. Qe2 Qg4 32. Qe3 Nf4 33. Ng5+ hxg5 34. Qg3 Qxh4+ 35. Qxh4+ gxh4 0-1

[Event "December 19 Late 2023"]
[Site "https://www.chess.com"]
[Date "2023.12.19"]
[Round "1"]
[White "Rogov, Matfey"]
[Black "Vargas, Mauricio"]
[Result "1-0"]
[Board "191"]
[TimeControl "180+1"]
[WhiteFideId "44191308"]
[BlackFideId "4404572"]
[WhiteElo "2057"]
[BlackElo "1982"]
[WhiteTeam "RUS"]
[BlackTeam "COL"]
[WhiteClock "0:02:07"]
[BlackClock "0:02:18"]

1. Nc3 e5 2. Nf3 d6 3. e4 f5 4. exf5 Bxf5 5. d4 e4 6. Ng5 d5 7. f3 h6 8. fxe4 dxe4 9. Ngxe4 Qe7 10. Bd3 Nf6 11. O-O Nxe4 12. Nxe4 Bxe4 13. Bxe4 Nc6 14. Qh5+ Kd7 15. Rf7 Nxd4 16. Rxe7+ Bxe7 17. Qd5+ Bd6 18. Qxd4 Rad8 19. Bf5+ Ke7 20. Qxg7+ Ke8 21. Bg6# 1-0

[Event "December 19 Late 2023"]
[Site "https://www.chess.com"]
[Date "2023.12.19"]
[Round "2"]
[White "Vlassov, Nikolai"]
[Black "Nakamura, Hikaru"]
[Result "0-1"]
[Board "1"]
[TimeControl "180+1"]
[WhiteFideId "4103360"]
[BlackFideId "2016192"]
[WhiteElo "2351"]
[BlackElo "2874"]
[WhiteTeam "FID"]
[BlackTeam "USA"]
[WhiteClock "0:00:18"]
[BlackClock "0:01:42"]

1. e4 e6 2. d4 d5 3. e5 b6 4. c3 Qd7 5. Nf3 Ba6 6. Bxa6 Nxa6 7. O-O c5 8. Be3 Ne7 9. Nbd2 Nf5 10. Qe2 Nc7 11. Rfd1 Be7 12. Nf1 Qb5 13. Qxb5+ Nxb5 14. Ng3 Nxg3 15. hxg3 Nc7 16. b3 c4 17. bxc4 dxc4 18. Nd2 Nd5 19. Rdc1 Rc8 20. a4 Kd7 21. Ne4 a6 22. Kf1 Kc6 23. Ke2 h6 24. g4 Ra8 25. Ra2 b5 26. axb5+ axb5 27. Rca1 Rxa2+ 28. Rxa2 Kb7 29. Bd2 f5 30. exf6 gxf6 31. f3 h5 32. g5 fxg5 33. Kf2 g4 34. Ra1 gxf3 35. gxf3 h4 36. Kg2 Rg8+ 37. Kh3 Rf8 38. Kg4 Rg8+ 39. Kh3 Nb6 40. Re1 Rg6 41. f4 Nd5 42. Rf1 Kc6 43. f5 exf5 44. Rxf5 Re6 45. Ng5 Bxg5 46. Bxg5 Re2 47. Kxh4 Rc2 48. Re5 Rxc3 49. Re6+ Kd7 50. Ra6 Rd3 51. Ra5 Kc6 52. Ra6+ Kb7 53. Rd6 Rxd4+ 54. Kg3 b4 55. Kf3 b3 56. Bf6 Rd3+ 57. Ke4 Nxf6+ 58. Rxf6 b2 0-1

[Event "December 19 Late 2023"]
[Site "https://www.chess.com"]
[Date "2023.12.19"]
[Round "2"]
[White "Lazavik, Denis"]
[Black "Manukian, Artak"]
[Result "1-0"]
[Board "2"]
[TimeControl "180+1"]
[WhiteFideId "13515110"]
[BlackFideId "13301373"]
[WhiteElo "2556"]
[BlackElo "2030"]
[WhiteTeam "BLR"]
[BlackTeam "ARM"]
[WhiteClock "0:00:16"]
[BlackClock "0:00:00"]

1. d4 d5 2. c4 dxc4 3. Nf3 Nf6 4. e3 e6 5. Bxc4 c5 6. O-O a6 7. dxc5 Bxc5 8. Qxd8+ Kxd8 9. Be2 Ke7 10. Nc3 Rd8 11. Nd2 Bd7 12. Nde4 Nxe4 13. Nxe4 Ba7 14. b3 Kf8 15. Ba3+ Kg8 16. Rfd1 Nc6 17. Rac1 Be8 18. Nd6 Rab8 19. Bf3 Bb6 20. Nxe8 Rxe8 21. Bxc6 bxc6 22. Rxc6 a5 23. Kf1 Bd8 24. Rd7 Bf6 25. Rcc7 Rbd8 26. Rxd8 Rxd8 27. Ke2 g5 28. Bc1 Ra8 29. Rc4 Be7 30. Bd2 Bb4 31. a4 Bxd2 32. Kxd2 h6 33. Rc5 Kg7 34. Kc3 f5 35. Kc4 Kf6 36. Rc6 h5 37. Kb5 Rb8+ 38. Rb6 Ra8 39. Ra6 Rb8+ 40. Kc4 Rc8+ 41. Kd3 Rd8+ 42. Ke2 Rb8 43. Rxa5 Rxb3 44. g3 Ra3 45. Ra8 Ra2+ 46. Kf1 Ke5 47. Kg2 h4 48. gxh4 gxh4 49. Kf3 Kf6 50. a5 e5 51. a6 e4+ 52. Kg2 1-0

[Event "December 19 Late 2023"]
[Site "https://www.chess.com"]
[Date "2023.12.19"]
[Round "2"]
[White "Ibadov, Dashgyn"]
[Black "Caruana, Fabiano"]
[Result "0-1"]
[Board "3"]
[TimeControl "180+1"]
[WhiteFideId "24107514"]
[BlackFideId "2020009"]
[WhiteElo "2183"]
[BlackElo "2815"]
[WhiteTeam "FID"]
[BlackTeam "USA"]
[WhiteClock "0:00:00"]
[BlackClock "0:00:07"]

1. e4 c6 2. d4 d5 3. exd5 cxd5 4. Bd3 Nc6 5. c3 Qc7 6. h3 e6 7. Nf3 Bd6 8. O-O Nge7 9. Re1 f6 10. c4 O-O 11. Nc3 a6 12. a3 Bd7 13. b4 Rae8 14. Qc2 dxc4 15. Bxh7+ Kh8 16. Be4 b5 17. Be3 f5 18. Bxc6 Nxc6 19. d5 Ne5 20. Nxe5 Bxe5 21. Rad1 Bf6 22. Bc5 Rf7 23. dxe6 Bxe6 24. Nd5 Qc8 25. Nf4 Bd7 26. Rxe8+ Qxe8 27. Qd2 c3 28. Qd5 Bg5 29. Ng6+ Kh7 30. Ne5 c2 31. Rf1 Be6 32. Qf3 c1=Q 33. Rxc1 Bxc1 34. Nxf7 Qxf7 35. Qc6 Bd5 36. Qxa6 Qg6 37. Qxg6+ Kxg6 38. f3 Bxa3 39. Kf2 f4 40. g3 fxg3+ 41. Kxg3 Kf5 42. h4 g6 43. Bd6 Bb2 44. Bc5 Be5+ 45. Kf2 Bf4 46. Bd4 Bd6 47. Bc3 Be7 48. Kg3 Bf6 49. Bd2 Be5+ 50. Kf2 Bf4 51. Bc3 Bd6 52. Bd2 Be5 53. Kg2 Ke6 54. Kf2 Bc6 55. Ke3 Kd5 56. f4 Bf6 57. f5 gxf5 58. Be1 Be5 59. h5 Be8 60. h6 Bg6 61. Kf3 Ke6 62. Ke3 f4+ 63. Kf3 Kf5 64. Bd2 Kg5 65. Kf2 Kxh6 0-1

[Event "December 19 Late 2023"]
[Site "https://www.chess.com"]
[Date "2023.12.19"]
[Round "2"]
[White "Niemann, Hans Moke"]
[Black "Golubev, Mikhail"]
[Result "1-0"]
[Board "4"]
[TimeControl "180+1"]
[WhiteFideId "2093596"]
[BlackFideId "14100983"]
[WhiteElo "2614"]
[BlackElo "2352"]
[WhiteTeam "USA"]
[BlackTeam "UKR"]
[WhiteClock "0:00:53"]
[BlackClock "0:00:00"]

1. e4 c5 2. Nf3 d6 3. Bb5+ Bd7 4. c4 Nf6 5. Nc3 Nc6 6. d4 cxd4 7. Nxd4 g6 8. O-O Bg7 9. Be3 O-O 10. f3 a6 11. Bxc6 bxc6 12. c5 d5 13. e5 Ne8 14. f4 Rb8 15. Na4 Nc7 16. Nb6 Ne6 17. b4 f6 18. Nxe6 Bxe6 19. Bd4 fxe5 20. fxe5 Rxf1+ 21. Qxf1 Qf8 22. Qd3 Qf5 23. Qxf5 Bxf5 24. a4 Bd3 25. Kf2 Bh6 26. Kg1 Rf8 27. h3 Bf4 28. Nd7 Rd8 29. Nb6 Rf8 30. Ra3 Be2 31. Ra2 Bd3 32. Ra3 Be2 33. Nd7 Rd8 34. e6 Bc4 35. Rf3 Bc7 36. Rf7 Rxd7 37. Rg7+ Kf8 38. Rxh7 1-0

[Event "December 19 Late 2023"]
[Site "https://www.chess.com"]
[Date "2023.12.19"]
[Round "2"]
[White "Principe, Gerson"]
[Black "Duda, Jan-Krzysztof"]
[Result "0-1"]
[Board "5"]
[TimeControl "180+1"]
[WhiteFideId "3804550"]
[BlackFideId "1170546"]
[WhiteElo "2186"]
[BlackElo "2775"]
[WhiteTeam "PER"]
[BlackTeam "POL"]
[WhiteClock "0:00:11"]
[BlackClock "0:01:49"]

1. d4 d5 2. e3 c5 3. Nf3 Nf6 4. Be2 e6 5. O-O Nbd7 6. b3 cxd4 7. exd4 b6 8. Bb2 Bb7 9. c4 Be7 10. Nbd2 O-O 11. Bd3 Rc8 12. Qe2 Rc7 13. Rac1 Qc8 14. Ne5 Nxe5 15. dxe5 Nd7 16. Qh5 g6 17. Qe2 Nc5 18. Bb1 Rd8 19. Rfd1 Bg5 20. g3 dxc4 21. f4 Nd3 22. Bxd3 cxd3 23. Qf2 Be7 24. Rxc7 Qxc7 25. Rc1 Bc5 26. Rxc5 bxc5 0-1

[Event "December 19 Late 2023"]
[Site "https://www.chess.com"]
[Date "2023.12.19"]
[Round "2"]
[White "Fedoseev, Vladimir"]
[Black "Omelja, Artem"]
[Result "1-0"]
[Board "6"]
[TimeControl "180+1"]
[WhiteFideId "24130737"]
[BlackFideId "14119846"]
[WhiteElo "2719"]
[BlackElo "2404"]
[WhiteTeam "SLO"]
[BlackTeam "UKR"]
[WhiteClock "0:00:19"]
[BlackClock "0:01:02"]

1. e4 c6 2. d4 d5 3. e5 Bf5 4. Nf3 e6 5. Be2 c5 6. O-O Nc6 7. c3 Nge7 8. dxc5 Ng6 9. b4 Ngxe5 10. Nxe5 Nxe5 11. Nd2 Be7 12. Nb3 O-O 13. Bf4 Ng6 14. Bg3 e5 15. Re1 Be6 16. Bd3 f6 17. Nd4 Bd7 18. Nf5 Re8 19. Qh5 Bf8 20. Rad1 Be6 21. Nh4 Bf7 22. Bxg6 hxg6 23. Nxg6 Bxg6 24. Qxg6 Qd7 25. h4 Rad8 26. h5 Qf7 27. f3 b6 28. c6 b5 29. f4 e4 30. f5 Rc8 31. Qxf7+ Kxf7 32. Rxd5 Rxc6 33. Re3 a6 34. Kf2 Rec8 35. Rxe4 Rxc3 36. Rd7+ Kg8 37. h6 gxh6 38. Rg4+ Kh8 39. Bh4 Rc2+ 40. Kg1 Rc1+ 41. Kh2 R1c6 42. Rg6 Bd6+ 43. Rxd6 Rxd6 44. Bxf6+ Kh7 45. Rg7+ Kh8 46. Rc7+ Rxf6 47. Rxc8+ Kg7 48. g4 Rd6 49. Kg3 Rd4 50. Rc7+ Kg8 51. Rc6 Kg7 52. Rg6+ Kh7 53. Rxa6 Rxb4 54. Ra7+ Kg8 55. Kh4 Rd4 56. Kh5 Kf8 57. Rb7 b4 58. Rb6 Kf7 59. Rxh6 Rd2 60. Rb6 Rxa2 61. Rxb4 Kf6 62. Rb6+ Ke5 63. Kg5 1-0